 Dungeon Crawl Stone Soup version 0.19-a0-1878-gcbc8a98 (webtiles) character file.

437 tyvek the Spear-Bearer (level 7, -8/51 HPs)
             Began as a Merfolk Gladiator on Oct 14, 2016.
             Mangled by turokix's ghost (13 damage)
             ... in an ossuary.
             The game lasted 00:05:09 (2537 turns).

tyvek the Spear-Bearer (Merfolk Gladiator)          Turns: 2537, Time: 00:05:10

Health: -8/51      AC:  5    Str: 16    XL:     7   Next: 1%
Magic:  7/7        EV: 14    Int:  7    God:
Gold:   95         SH:  0    Dex: 16    Spells: 0 memorised, 6 levels left

rFire  . . .     SeeInvis .     a - +0 trident
rCold  . . .     Gourm    .     b - +0 leather armour
rNeg   . . .     Faith    .     (no shield)
rPois  .         Spirit   .     c - +0 helmet
rElec  .         Dismiss  .     (no cloak)
rCorr  .         Reflect  .     l - +0 pair of gloves
MR     .....     Harm     .     (no boots)
Stlth  +.........               (no amulet)
                                (no ring)
                                (no ring)

@: no status effects
A: change form in water, swift swim, stealthy swim, slimy green scales 1,
deformed body, sturdy frame 1
a: no special abilities


You were in an ossuary.
You were very hungry.

You visited 1 branch of the dungeon, and saw 4 of its levels.
You also visited: Ossuary.

You collected 95 gold pieces.


Innate Abilities, Weirdness & Mutations

You revert to your normal form in water.
You are very nimble and swift while swimming.
You are very stealthy in the water. (Stealth+)
You are partially covered in slimy green scales. (AC +2)
Armour fits poorly on your strangely shaped body.
Your movements are slightly less encumbered by armour. (ER -2)


   Skills:
 + Level 2.9 Fighting
 + Level 10.2 Polearms
 - Level 2.0 Throwing
 + Level 4.5 Dodging


You had 6 spell levels left.
You didn't know any spells.

Inventory:

Hand Weapons
 a - a +0 trident (weapon)
Missiles
 d - 3 throwing nets {=f}
Armour
 b - a +0 leather armour (worn)
 c - a +0 helmet (worn)
 l - a +0 pair of gloves (worn)
Scrolls
 e - a scroll of fear
 j - 3 scrolls of remove curse {@r2}
Comestibles
 f - 3 bread rations {@e1}
 h - 2 royal jellies {@e3}
 o - a meat ration {@e1}
 q - 2 beef jerkies {@e2}

Dungeon Overview and Level Annotations

Branches:
Dungeon (4/15)
 Temple: D:4-7

Altars:
Ashenzari
Trog

Annotations:
Ossuary turokix's ghost, amateur MiBe

#^^ #.^^# #.^ #^^^#
#'### ##'## #...#
#...# #...# #...#
#WZ.# #...# #...#
#...#
#'################'###
#^^^#...'^^^^W@..#^..#
#...'...#^..^#...+^^.#
#∩.^#...#....#...#^..#
######################


You could see turokix's ghost.


Message History

You are too injured to fight recklessly!
You are too injured to fight recklessly!
You are too injured to fight recklessly!
You are too injured to fight recklessly!
You are too injured to fight recklessly!
You are too injured to fight recklessly!
You are too injured to fight recklessly!
You hit turokix's ghost but do no damage.
Turokix's ghost is heavily damaged.
Turokix's ghost closely misses you.
You hit turokix's ghost.
Turokix's ghost is heavily damaged.
Turokix's ghost hits you!
* * * LOW HITPOINT WARNING * * *
You closely miss turokix's ghost.
Turokix's ghost is heavily damaged.
Turokix's ghost hits you.
* * * LOW HITPOINT WARNING * * *
You closely miss turokix's ghost.
Turokix's ghost is heavily damaged.
You hit turokix's ghost but do no damage.
Turokix's ghost is heavily damaged.
Turokix's ghost completely misses you.
You hit turokix's ghost.
Turokix's ghost is heavily damaged.
Turokix's ghost barely misses you.
You hit turokix's ghost.
Turokix's ghost is heavily damaged.
Turokix's ghost hits you!
You die...

Skill      XL: |  1  2  3  4  5  6 |
---------------+-------------------+-----
Polearms       | 5 6 8 9 10 | 10.2
Fighting       | |  2.9
Throwing       | |  2.0
Dodging        | |  4.5

Action                   |  1- 3 |  4- 6 |  7- 9 || total
-------------------------+-------+-------+-------++-------
Melee: Trident           |    77 |   231 |    47 ||   355
  Use: Potion            |       |       |     8 ||     8
       Scroll            |       |       |     5 ||     5
 Stab: Sleeping          |     1 |     3 |       ||     4
       Distracted        |       |     1 |       ||     1
       Invisible         |       |       |     6 ||     6
  Eat: Chunk             |       |     3 |       ||     3
       Pizza             |       |       |     1 ||     1
Armor: Leather armour    |    18 |    27 |     5 ||    50
Dodge: Dodged            |    38 |    84 |    24 ||   146

Vault maps used:
D:1:      dpeg_arrival_signposts
D:2:      bloody_trog, uniq_jessica
D:3:      st_stairs_5, cheibrodos_ashenzari_chains
D:4:      minmay_wonky_spiral, serial_shops, shop,
          nicolae_ossuary_entry_catacombs
Ossuary:  ossuary_tomb_2

Notes
Turn   | Place    | Note
-------+----------+-------------------------------------------
     0 | D:1      | tyvek the Merfolk Gladiator began the quest for the Orb.
     0 | D:1      | Reached XP level 1. HP: 16/16 MP: 1/1
   508 | D:1      | Reached skill level 5 in Polearms
   512 | D:1      | Reached XP level 2. HP: 22/22 MP: 2/2
   884 | D:2      | Reached skill level 6 in Polearms
   884 | D:2      | Reached XP level 3. HP: 19/27 MP: 3/3
  1013 | D:2      | Noticed Jessica
  1018 | D:2      | Killed Jessica
  1018 | D:2      | Reached XP level 4. HP: 33/33 MP: 4/4
  1024 | D:2      | Reached skill level 7 in Polearms
  1157 | D:2      | Found a bloodstained altar of Trog.
  1453 | D:3      | Found a shattered altar of Ashenzari.
  1472 | D:3      | Reached skill level 8 in Polearms
  1472 | D:3      | Reached XP level 5. HP: 38/38 MP: 5/5
  1710 | D:4      | Reached skill level 9 in Polearms
  1776 | D:4      | Found a sand-covered staircase.
  1787 | D:4      | Reached XP level 6. HP: 15/44 MP: 6/6
  1924 | D:4      | Reached skill level 10 in Polearms
  2092 | Ossuary  | Entered an ossuary
  2205 | Ossuary  | Reached XP level 7. HP: 12/51 MP: 7/7
  2219 | Ossuary  | Noticed turokix's ghost (amateur MiBe)
  2223 | Ossuary  | Gained mutation: Your movements are slightly less encumbered by armour. (ER -2) [potion of mutation]
  2223 | Ossuary  | Gained mutation: You are partially covered in slimy green scales. (AC +2) [potion of mutation]
  2223 | Ossuary  | Gained mutation: Armour fits poorly on your strangely shaped body. [potion of mutation]
  2242 | Ossuary  | HP: 3/51 [turokix's ghost (8)]
  2533 | Ossuary  | HP: 5/51 [turokix's ghost (5)]
  2537 | Ossuary  | Mangled by turokix's ghost

Vanquished Creatures
  A water moccasin zombie (Ossuary)
  2 elf skeletons (D:4)
  A human zombie (D:4)
  2 human skeletons (D:4)
  Jessica (D:2)
  2 big kobold zombies (Ossuary)
  3 adders
  2 oozes
  An adder zombie (Ossuary)
  3 worms
  2 dart slugs (D:2)
  A leopard gecko (D:4)
  5 orcs (D:3)
  3 giant cockroaches
  A gnoll zombie (Ossuary)
  5 hobgoblins
  2 jackals (D:3)
  2 quokkas
  4 bats
  2 frilled lizards
  8 goblins
  8 hobgoblin zombies (Ossuary)
  8 kobolds
  4 kobold zombies (Ossuary)
  4 orc zombies
  3 rats
80 creatures vanquished.

Vanquished Creatures (others)
  An adder zombie (Ossuary)
  3 hobgoblin zombies (Ossuary)
  A kobold zombie (Ossuary)
5 creatures vanquished.

Grand Total: 85 creatures vanquished
